Blackhawks vs Sharks

Created - April 9, 2022 at 09:01

Goals
1 2 3 T
Blackhawks 0 1 1 2
Sharks 0 4 2 6
Shots
1 2 3 T
Blackhawks 7 17 12 36
Sharks 10 12 19 41

1st period

No Goal

Penalties :
Nick Bonino (Chi) for Hooking (Minor) at 11:11, Brayden McNabb (S.J) for Hooking (Minor) at 13:35, Antoine Roussel (Chi) for Hooking (Minor) at 17:28

2nd period

1. Sharks , Milan Michalek 11 (Brandon Gormley 10, Brandon Dubinsky 24) at 2:09
2. Sharks , David Booth 8 (Dion Phaneuf 19, Brandon Dubinsky 25) at 5:47
3. Sharks , Luke Adam 4 (Karl Alzner 16, Oskar Osala 7) at 8:52
4. Sharks , Ben Lovejoy 1 (Brandon Gormley 11, Brandon Dubinsky 26) at 15:09 (PP)
5. Blackhawks , Jakob Silfverberg 18 (Johnny Gaudreau 36, Jordan Staal 26) at 19:20

Penalties :
Calvin de Haan (Chi) for Hooking (Minor) at 13:50, Johnny Gaudreau (Chi) for Tripping (Minor) at 17:08

3rd period

6. Blackhawks , Colby Armstrong 2 (Brett Maclean 7, Johnny Gaudreau 37) at 6:00
7. Sharks , Boone Jenner 10 (Bobby Butler 5, Ronalds Kenins 10) at 13:04
8. Sharks , Gustav Nyquist 5 (Ben Lovejoy 2, Gilbert Brule 16) at 18:21

Penalties :
Brandon Dubinsky (S.J) for Hooking (Minor) at 7:45

Goalie Stats

Josh Harding (Chi), 21 saves from 23 shots - (0.913), 24:51 minutes
Tuukka Rask (Chi), 14 saves from 18 shots - (0.778), L, 16-15-7, 35:09 minutes
Philipp Grubauer (S.J), 34 saves from 36 shots - (0.944), W, 22-15-6, 60:00 minutes

Players Stats for Blackhawks

Player Name              G  A  P  +/- PIM S  H  SB GA TA FO     MP     PP MP  PK MP  
------------------------------------------------------------------------------------
Alexander Frolov         0  0  0  -3  0   5  3  0  1  0  0/0    15:05   0:00   2:09 
Antoine Roussel          0  0  0   0  2   4  1  1  0  0  1/3    19:12   1:43   2:54 
Blake Wheeler            0  0  0  -3  0   3  2  0  0  1  1/1    12:37   0:00   0:14 
Brett Maclean            0  1  1   1  0   0  0  0  0  1  0/1     8:32   0:00   2:06 
Calvin de Haan           0  0  0   0  2   3  0  1  0  1  0/0    10:42   0:24   0:00 
Colby Armstrong          1  0  1   1  0   1  1  0  0  0  0/0     5:41   0:00   0:00 
Corey Perry              0  0  0   0  0   0  3  1  0  0  0/1    15:57   1:43   0:00 
Jakob Silfverberg        1  0  1  -1  0   4  1  0  0  1  0/1    19:50   2:15   1:21 
James Wright             0  0  0  -3  0   3  2  1  0  0  4/9    13:54   0:00   1:20 
Jamie McBain             0  0  0   1  0   1  1  0  0  0  0/0    28:56   1:44   4:27 
Jay Bouwmeester          0  0  0   0  0   0  0  0  0  0  0/0     3:29   0:24   0:00 
Johnny Gaudreau          0  2  2   0  2   3  2  0  1  2  0/7    25:26   2:15   2:56 
Jordan Staal             0  1  1  -1  0   3  0  0  0  1  16/32  20:06   2:15   1:32 
Matthew Spiller          0  0  0   0  0   2  0  0  1  1  0/0    10:05   0:00   0:00 
Nick Bonino              0  0  0   0  2   1  0  0  0  1  8/15   16:21   1:43   0:00 
Radko Gudas              0  0  0   1  0   1  1  3  0  1  0/0    26:05   1:44   4:27 
Raphael Diaz             0  0  0  -4  0   1  1  2  1  1  0/0    20:21   1:50   2:49 
Shane O'Brien            0  0  0  -4  0   1  0  2  0  0  0/0    20:21   1:50   2:49 

Players Stats for Sharks

Player Name              G  A  P  +/- PIM S  H  SB GA TA FO     MP     PP MP  PK MP  
------------------------------------------------------------------------------------
Ben Lovejoy              1  1  2   1  0   7  1  1  2  0  0/0    28:08   2:33   1:33 
Ben Smith                0  0  0   1  0   3  3  1  2  1  4/6    20:07   3:50   2:27 
Bobby Butler             0  1  1  -1  0   1  1  1  0  0  0/0    11:28   0:00   0:00 
Boone Jenner             1  0  1  -1  0   2  1  1  0  0  7/9    11:28   0:00   0:00 
Brandon Dubinsky         0  3  3   2  2   4  3  1  4  0  14/30  22:10   3:26   0:36 
Brandon Gormley          0  2  2   1  0   1  3  0  0  0  0/0    19:39   2:33   1:33 
Brayden McNabb           0  0  0   1  2   0  0  1  0  1  0/0    10:04   0:00   0:00 
David Booth              1  0  1   2  0   5  2  0  0  1  2/2    23:56   3:26   2:21 
Dion Phaneuf             0  1  1   1  0   1  0  3  1  0  0/0    28:05   4:43   2:25 
Gilbert Brule            0  1  1   1  0   5  2  3  0  0  11/17  17:25   3:50   0:00 
Gustav Nyquist           1  0  1   1  0   2  0  0  0  0  0/0    17:53   3:50   0:28 
Karl Alzner              0  1  1   1  0   0  0  0  0  0  0/0    11:52   0:00   0:00 
Luke Adam                1  0  1   1  0   3  1  0  0  1  2/4     5:34   0:00   0:00 
Milan Michalek           1  0  1   2  0   2  1  1  1  0  0/0    22:22   3:26   1:02 
Oskar Osala              0  1  1   1  0   0  1  0  0  0  0/0     5:34   0:00   0:00 
Ronalds Kenins           0  1  1  -1  0   3  1  2  0  0  0/2    12:30   0:00   1:02 
Tyler Cuma               0  0  0   1  0   0  0  3  1  0  0/0    22:11   4:43   2:25 
Zach Boychuk             0  0  0   1  0   2  0  0  0  0  0/0     5:34   0:00   0:00 

3 Stars

1 - Brandon Dubinsky (S.J)
2 - Ben Lovejoy (S.J)
3 - David Booth (S.J)

Power Play

Blackhawks - 0 on 2 Attempt(s) - 0.00%
Sharks - 1 on 4 Attempt(s) - 25.00%

Penalty Kill

Blackhawks - 3 on 4 Attempt(s) - 75.00% - Score 0 goal in Penalty Kill
Sharks - 2 on 2 Attempt(s) - 100.00% - Score 0 goal in Penalty Kill

Team Stat

Blackhawks - Hits : 18 - Faceoff Wins : 30 - Blocked Shots : 11 - Penalty Minutes : 8
Sharks - Hits : 20 - Faceoff Wins : 40 - Blocked Shots : 18 - Penalty Minutes : 4

Official

Referees : Justin St. Pierre and Kelly Sutherland
Linesman : Brian Mach and Julien Fournier

Game Notes

Josh Harding enters game at 15:09 of 2nd period
Dion Phaneuf is injured at 15:31 of 3rd period (Groin)

Finance

Level 1 -- Attendance: 6000 (100.00%) -- Ticket Income $600,000
Level 2 -- Attendance: 4977 (99.54%) -- Ticket Income $298,620
Level 3 -- Attendance: 2000 (100.00%) -- Ticket Income $70,000
Level 4 -- Attendance: 3917 (97.93%) -- Ticket Income $97,925
Luxury Box -- Attendance: 907 (90.70%) -- Ticket Income $181,400
Game was played at the SAP Center.
Total Attendance: 17801 (98.89%)
Total Ticket Income: $1,247,945
Other Income: $187,192
Total Income: $1,435,137

Blackhawks

5 vs 5 Forward 
   Center                   Left Wing                Right Wing               Time % Phy DF OF 
 1 Jordan Staal             Johnny Gaudreau          Jakob Silfverberg        40     1   2  2  
 2 Nick Bonino              Antoine Roussel          Corey Perry              30     1   2  2  
 3 James Wright             Alexander Frolov         Blake Wheeler            20     1   2  2  
 4 Johnny Gaudreau          Brett Maclean            Colby Armstrong          10     1   2  2  

5 vs 5 Defense 
   Defense                  Defense                                           Time % Phy DF OF 
 1 Jamie McBain             Radko Gudas                                       40     1   2  2  
 2 Raphael Diaz             Shane O'Brien                                     30     1   2  2  
 3 Calvin de Haan           Matthew Spiller                                   20     1   2  2  
 4 Jay Bouwmeester          Jamie McBain                                      10     1   2  2  

PowerPlay Forward 
   Center                   Left Wing                Right Wing               Time % Phy DF OF 
 1 Jordan Staal             Johnny Gaudreau          Jakob Silfverberg        60     1   2  2  
 2 Nick Bonino              Antoine Roussel          Corey Perry              40     1   2  2  

PowerPlay Defense
   Defense                  Defense                                           Time % Phy DF OF 
 1 Jamie McBain             Radko Gudas                                       60     1   2  2  
 2 Raphael Diaz             Shane O'Brien                                     40     1   2  2  

Penalty Kill 4 Players Forward 
   Center                   Wing                     Time % Phy DF OF 
 1 Johnny Gaudreau          Antoine Roussel          60     1   2  2  
 2 Jordan Staal             Jakob Silfverberg        40     1   2  2  

Penalty Kill 4 Players Defense
   Defense                  Defense                  Time % Phy DF OF 
 1 Jamie McBain             Radko Gudas              60     1   2  2  
 2 Raphael Diaz             Shane O'Brien            40     1   2  2  

Penalty Kill - 3 Players Forward 
   Forward                                           Time % Phy DF OF 
 1 Johnny Gaudreau                                   60     1   2  2  
 2 Antoine Roussel                                   40     1   2  2  

Penalty Kill - 3 Players Defense
   Defense                  Defense                  Time % Phy DF OF 
 1 Jamie McBain             Radko Gudas              60     1   2  2  
 2 Raphael Diaz             Shane O'Brien            40     1   2  2  

4 vs 4 Forward 
   Center                   Wing                     Time % Phy DF OF 
 1 Johnny Gaudreau          Antoine Roussel          60     1   2  2  
 2 Jordan Staal             Jakob Silfverberg        40     1   2  2  

4 vs 4 Defense
   Defense                  Defense                  Time % Phy DF OF 
 1 Jamie McBain             Radko Gudas              60     1   2  2  
 2 Raphael Diaz             Shane O'Brien            40     1   2  2  

Last Minutes Offensive
   Center                   Left Wing                Right Wing               Defense                  Defense                  
   Jordan Staal             Johnny Gaudreau          Jakob Silfverberg        Jamie McBain             Radko Gudas              

Last Minutes Defensive
   Center                   Left Wing                Right Wing               Defense                  Defense                  
   Jordan Staal             Johnny Gaudreau          Jakob Silfverberg        Jamie McBain             Radko Gudas              

Goaltenders
Starting : Tuukka Rask              
Backup : Josh Harding             

Extra Forwards
Normal : Blake Wheeler, Alexander Frolov, Brett Maclean - PP : Blake Wheeler, Alexander Frolov - PK : Brett Maclean
Extra Defensemen
Normal : Calvin de Haan, Matthew Spiller, Jay Bouwmeester - PP : Calvin de Haan - PK : Matthew Spiller, Jay Bouwmeester
Penalty Shots
Johnny Gaudreau, Antoine Roussel, Jordan Staal, Jakob Silfverberg, Corey Perry

Scratches
Derek Roy (Healthy), Stefan Matteau (Healthy)

Sharks

5 vs 5 Forward 
   Center                   Left Wing                Right Wing               Time % Phy DF OF 
 1 Brandon Dubinsky         Milan Michalek           David Booth              40     1   2  2  
 2 Gilbert Brule            Gustav Nyquist           Ben Smith                30     1   2  2  
 3 Boone Jenner             Ronalds Kenins           Bobby Butler             20     1   2  2  
 4 Luke Adam                Zach Boychuk             Oskar Osala              10     1   2  2  

5 vs 5 Defense 
   Defense                  Defense                                           Time % Phy DF OF 
 1 Dion Phaneuf             Ben Lovejoy                                       40     1   2  2  
 2 Tyler Cuma               Brandon Gormley                                   30     1   2  2  
 3 Karl Alzner              Brayden McNabb                                    20     1   3  1  
 4 Ben Lovejoy              Dion Phaneuf                                      10     1   2  2  

PowerPlay Forward 
   Center                   Left Wing                Right Wing               Time % Phy DF OF 
 1 Brandon Dubinsky         Milan Michalek           David Booth              60     1   2  2  
 2 Gilbert Brule            Gustav Nyquist           Ben Smith                40     1   2  2  

PowerPlay Defense
   Defense                  Defense                                           Time % Phy DF OF 
 1 Dion Phaneuf             Tyler Cuma                                        60     1   2  2  
 2 Ben Lovejoy              Brandon Gormley                                   40     1   2  2  

Penalty Kill 4 Players Forward 
   Center                   Wing                     Time % Phy DF OF 
 1 Ben Smith                David Booth              60     1   4  0  
 2 Milan Michalek           Ronalds Kenins           40     1   4  0  

Penalty Kill 4 Players Defense
   Defense                  Defense                  Time % Phy DF OF 
 1 Dion Phaneuf             Tyler Cuma               60     1   4  0  
 2 Ben Lovejoy              Brandon Gormley          40     1   4  0  

Penalty Kill - 3 Players Forward 
   Forward                                           Time % Phy DF OF 
 1 Ben Smith                                         60     1   4  0  
 2 Milan Michalek                                    40     1   4  0  

Penalty Kill - 3 Players Defense
   Defense                  Defense                  Time % Phy DF OF 
 1 Dion Phaneuf             Tyler Cuma               60     1   4  0  
 2 Ben Lovejoy              Brandon Gormley          40     1   4  0  

4 vs 4 Forward 
   Center                   Wing                     Time % Phy DF OF 
 1 Gilbert Brule            David Booth              60     1   2  2  
 2 Brandon Dubinsky         Milan Michalek           40     1   2  2  

4 vs 4 Defense
   Defense                  Defense                  Time % Phy DF OF 
 1 Dion Phaneuf             Tyler Cuma               60     1   2  2  
 2 Ben Lovejoy              Brandon Gormley          40     1   2  2  

Last Minutes Offensive
   Center                   Left Wing                Right Wing               Defense                  Defense                  
   Brandon Dubinsky         Milan Michalek           David Booth              Dion Phaneuf             Tyler Cuma               

Last Minutes Defensive
   Center                   Left Wing                Right Wing               Defense                  Defense                  
   Gilbert Brule            Gustav Nyquist           Ben Smith                Dion Phaneuf             Tyler Cuma               

Goaltenders
Starting : Philipp Grubauer         
Backup : Anders Lindback          

Extra Forwards
Normal : Brandon Dubinsky, Ronalds Kenins, Boone Jenner - PP : Brandon Dubinsky, Ronalds Kenins - PK : Brandon Dubinsky
Extra Defensemen
Normal : Karl Alzner, Brayden McNabb, Ben Lovejoy - PP : Karl Alzner - PK : Karl Alzner, Brayden McNabb
Penalty Shots
Ben Smith, Gilbert Brule, David Booth, Milan Michalek, Brandon Dubinsky

Scratches
Jiri Tlusty (Healthy), Simon Despres (Healthy), Steve Eminger (Healthy)

% Time on Ice - Blackhawks

Lines # - Real PCT - Wanted PCT - Time Play
Normal Forward
1 - 35% - 40% - 17:06
2 - 29% - 30% - 14:14
3 - 24% - 20% - 11:45
4 - 12% - 10% - 5:41
Normal Defense
1 - 41% - 40% - 20:08
2 - 32% - 30% - 15:42
3 - 21% - 20% - 10:05
4 - 6% - 10% - 2:51
PP Forward
1 - 57% - 60% - 2:15
2 - 43% - 40% - 1:43
PP Defense
1 - 54% - 60% - 2:08
2 - 46% - 40% - 1:50
PK Forward
1 - 81% - 60% - 5:55
2 - 19% - 40% - 1:21
PK Defense
1 - 61% - 60% - 4:27
2 - 39% - 40% - 2:49
PK3 Forward
1 - 0% - 60%
2 - 0% - 40%
PK3 Defense
1 - 0% - 60%
2 - 0% - 40%
44 Forward
1 - 0% - 60%
2 - 0% - 40%
44 Defense
1 - 0% - 60%
2 - 0% - 40%
Last Minute Offensive  - 0:00
Last Minute Defensive  - 0:00
Total
Forward - 60:00
Defense - 60:00

% Time on Ice - Sharks

Lines # - Real PCT - Wanted PCT - Time Play
Normal Forward
1 - 37% - 40% - 18:09
2 - 28% - 30% - 13:35
3 - 24% - 20% - 11:28
4 - 11% - 10% - 5:34
Normal Defense
1 - 42% - 40% - 20:23
2 - 32% - 30% - 15:33
3 - 20% - 20% - 9:41
4 - 6% - 10% - 3:09
PP Forward
1 - 47% - 60% - 3:26
2 - 53% - 40% - 3:50
PP Defense
1 - 65% - 60% - 4:43
2 - 35% - 40% - 2:33
PK Forward
1 - 74% - 60% - 2:56
2 - 26% - 40% - 1:02
PK Defense
1 - 61% - 60% - 2:25
2 - 39% - 40% - 1:33
PK3 Forward
1 - 0% - 60%
2 - 0% - 40%
PK3 Defense
1 - 0% - 60%
2 - 0% - 40%
44 Forward
1 - 0% - 60%
2 - 0% - 40%
44 Defense
1 - 0% - 60%
2 - 0% - 40%
Last Minute Offensive  - 0:00
Last Minute Defensive  - 0:00
Total
Forward - 60:00
Defense - 60:00

Play-by-Play

1st period


0:01 of 1st period - Jordan Staal wins face-off versus Brandon Dubinsky in neutral zone.
0:44 of 1st period - Wrist shot by Antoine Roussel.
0:44 of 1st period - Stopped by Philipp Grubauer without a rebound.
0:45 of 1st period - James Wright wins face-off versus Ronalds Kenins in Sharks zone.
0:56 of 1st period - Wrist shot by Alexander Frolov.
0:56 of 1st period - Deflect By James Wright.
0:56 of 1st period - Stopped by Philipp Grubauer with a rebound.
1:43 of 1st period - Snap shot by Blake Wheeler.
1:43 of 1st period - Shot Misses the Net.
1:57 of 1st period - Slapshot by Brandon Gormley.
1:57 of 1st period - Shot Hit the Post.
2:05 of 1st period - Wrist shot by Milan Michalek.
2:05 of 1st period - Shot Misses the Net.
2:13 of 1st period - Snap shot by Tyler Cuma.
2:13 of 1st period - Shot Misses the Net.
2:15 of 1st period - Slapshot by Tyler Cuma.
2:15 of 1st period - Deflect By David Booth.
2:15 of 1st period - Shot Blocked by James Wright.
2:15 of 1st period - Puck is out of play.
2:16 of 1st period - Jordan Staal wins face-off versus Gilbert Brule in Blackhawks zone.
2:47 of 1st period - Wrist shot by Boone Jenner.
2:47 of 1st period - Stopped by Tuukka Rask with a rebound.
2:49 of 1st period - Wrist shot by Ronalds Kenins.
2:49 of 1st period - Stopped by Tuukka Rask with a rebound.
2:51 of 1st period - Slapshot by Dion Phaneuf.
2:51 of 1st period - Shot Misses the Net.
2:53 of 1st period - Snap shot by Ronalds Kenins.
2:53 of 1st period - Stopped by Tuukka Rask with a rebound.
2:55 of 1st period - Slapshot by Bobby Butler.
2:55 of 1st period - Stopped by Tuukka Rask with a rebound.
2:57 of 1st period - Slapshot by Ben Lovejoy.
2:57 of 1st period - Stopped by Tuukka Rask without a rebound.
2:58 of 1st period - Nick Bonino wins face-off versus Luke Adam in Blackhawks zone.
3:03 of 1st period - Dion Phaneuf is hit by Antoine Roussel.
4:19 of 1st period - Snap shot by Gilbert Brule.
4:19 of 1st period - Stopped by Tuukka Rask with a rebound.
4:37 of 1st period - Jamie McBain is hit by Oskar Osala and loses puck.
4:54 of 1st period - Johnny Gaudreau is hit by Brandon Gormley.
4:58 of 1st period - Matthew Spiller is hit by Brandon Dubinsky and loses puck.
5:27 of 1st period - Brandon Gormley is hit by Corey Perry and loses puck.
6:18 of 1st period - Snap shot by Blake Wheeler.
6:18 of 1st period - Shot Misses the Net.
6:47 of 1st period - Off-side.
6:48 of 1st period - James Wright wins face-off versus Gilbert Brule in neutral zone.
6:55 of 1st period - Snap shot by Blake Wheeler.
6:55 of 1st period - Shot Blocked by Dion Phaneuf.
7:15 of 1st period - Brandon Dubinsky is hit by Colby Armstrong and loses puck.
8:09 of 1st period - Wrist shot by Gilbert Brule.
8:09 of 1st period - Stopped by Tuukka Rask with a rebound.
8:30 of 1st period - Antoine Roussel is hit by Brandon Dubinsky and loses puck.
9:46 of 1st period - Icing by Ben Lovejoy.
9:47 of 1st period - Boone Jenner wins face-off versus Johnny Gaudreau in Sharks zone.
9:58 of 1st period - Jordan Staal is hit by Ronalds Kenins.
10:32 of 1st period - Snap shot by Alexander Frolov.
10:32 of 1st period - Shot Misses the Net.
10:34 of 1st period - Slapshot by Jamie McBain.
10:34 of 1st period - Shot Misses the Net.
10:52 of 1st period - Wrist shot by Jordan Staal.
10:52 of 1st period - Shot Misses the Net.
11:01 of 1st period - Off-side.
11:02 of 1st period - Luke Adam wins face-off versus Nick Bonino in neutral zone.
11:11 of 1st period - Minor Penalty to Nick Bonino for Hooking.
11:12 of 1st period - Brandon Dubinsky wins face-off versus Johnny Gaudreau in Blackhawks zone.
11:16 of 1st period - Snap shot by Brandon Dubinsky.
11:16 of 1st period - Shot Misses the Net.
11:28 of 1st period - Snap shot by David Booth.
11:28 of 1st period - Stopped by Tuukka Rask with a rebound.
12:02 of 1st period - Raphael Diaz is hit by Brandon Gormley and loses puck.
12:24 of 1st period - Slapshot by Jordan Staal.
12:24 of 1st period - Stopped by Philipp Grubauer with a rebound.
13:03 of 1st period - Gustav Nyquist is hit by Radko Gudas and loses puck.
13:11 of 1st period - Penalty to Nick Bonino is over, Nick Bonino is back on ice.
13:35 of 1st period - Minor Penalty to Brayden McNabb for Hooking.
13:36 of 1st period - Ben Smith wins face-off versus Jordan Staal in Sharks zone.
15:35 of 1st period - Penalty to Brayden McNabb is over, Brayden McNabb is back on ice.
15:44 of 1st period - Snap shot by Luke Adam.
15:44 of 1st period - Shot Misses the Net.
15:46 of 1st period - Wrist shot by Luke Adam.
15:46 of 1st period - Shot Blocked by Calvin de Haan.
15:48 of 1st period - Wrist shot by Zach Boychuk.
15:48 of 1st period - Stopped by Tuukka Rask without a rebound.
15:49 of 1st period - James Wright wins face-off versus Ronalds Kenins in Blackhawks zone.
15:56 of 1st period - Snap shot by James Wright.
15:56 of 1st period - Stopped by Philipp Grubauer with a rebound.
15:58 of 1st period - Wrist shot by Blake Wheeler.
15:58 of 1st period - Stopped by Philipp Grubauer without a rebound.
15:59 of 1st period - Boone Jenner wins face-off versus James Wright in Sharks zone.
15:59 of 1st period - Boone Jenner is hit by Alexander Frolov.
16:07 of 1st period - Snap shot by Boone Jenner.
16:07 of 1st period - Shot Misses the Net.
16:26 of 1st period - Icing by Brayden McNabb.
16:27 of 1st period - Boone Jenner wins face-off versus Jordan Staal in Sharks zone.
16:34 of 1st period - Wrist shot by Jordan Staal.
16:34 of 1st period - Shot Blocked by Boone Jenner.
16:36 of 1st period - Slapshot by Jamie McBain.
16:36 of 1st period - Stopped by Philipp Grubauer without a rebound.
16:37 of 1st period - Jordan Staal wins face-off versus Brandon Dubinsky in Sharks zone.
16:44 of 1st period - Slapshot by Brandon Dubinsky.
16:44 of 1st period - Stopped by Tuukka Rask without a rebound.
16:45 of 1st period - Brandon Dubinsky wins face-off versus Jordan Staal in Blackhawks zone.
16:54 of 1st period - Radko Gudas is hit by Brandon Dubinsky and loses puck.
17:20 of 1st period - Slapshot by Brandon Gormley.
17:20 of 1st period - Shot Misses the Net.
17:22 of 1st period - Snap shot by Ben Smith.
17:22 of 1st period - Shot Misses the Net.
17:28 of 1st period - Minor Penalty to Antoine Roussel for Hooking.
17:29 of 1st period - Brandon Dubinsky wins face-off versus Johnny Gaudreau in Blackhawks zone.
17:54 of 1st period - Dion Phaneuf is hit by Alexander Frolov and loses puck.
18:47 of 1st period - Slapshot by Jakob Silfverberg.
18:47 of 1st period - Shot Blocked by Ben Lovejoy.
19:28 of 1st period - Penalty to Antoine Roussel is over, Antoine Roussel is back on ice.
19:45 of 1st period - Snap shot by Alexander Frolov.
19:45 of 1st period - Shot Misses the Net.
19:47 of 1st period - Slapshot by Alexander Frolov.
19:47 of 1st period - Shot Misses the Net.
19:49 of 1st period - Slapshot by Matthew Spiller.
19:49 of 1st period - Deflect By Alexander Frolov.
19:49 of 1st period - Stopped by Philipp Grubauer without a rebound.
19:50 of 1st period - Luke Adam wins face-off versus Nick Bonino in Sharks zone.
19:59 of 1st period - Snap shot by Oskar Osala.
19:59 of 1st period - Shot Blocked by Corey Perry.
Goals for this period are 0 for Blackhawks vs 0 for Sharks.
Shots for this period are 7 for Blackhawks vs 10 for Sharks.

2nd period


0:01 of 2nd period - Jordan Staal wins face-off versus Brandon Dubinsky in neutral zone.
0:04 of 2nd period - Wrist shot by Jakob Silfverberg.
0:04 of 2nd period - Shot Blocked by Milan Michalek.
0:36 of 2nd period - Slapshot by Antoine Roussel.
0:36 of 2nd period - Stopped by Philipp Grubauer without a rebound.
0:37 of 2nd period - Nick Bonino wins face-off versus Brandon Dubinsky in Sharks zone.
1:25 of 2nd period - Wrist shot by Alexander Frolov.
1:25 of 2nd period - Stopped by Philipp Grubauer without a rebound.
1:26 of 2nd period - Boone Jenner wins face-off versus James Wright in Sharks zone.
1:50 of 2nd period - Dion Phaneuf is hit by James Wright and loses puck.
1:55 of 2nd period - Slapshot by Blake Wheeler.
1:55 of 2nd period - Shot Misses the Net.
1:57 of 2nd period - Slapshot by Shane O'Brien.
1:57 of 2nd period - Stopped by Philipp Grubauer without a rebound.
1:58 of 2nd period - Jordan Staal wins face-off versus Brandon Dubinsky in Sharks zone.
2:07 of 2nd period - Slapshot by Brandon Gormley.
2:07 of 2nd period - Shot Misses the Net.
2:09 of 2nd period - Snap shot by Milan Michalek.
2:09 of 2nd period - Goal by Milan Michalek - Blackhawks : 0 - Sharks : 1.
2:10 of 2nd period - Brandon Dubinsky wins face-off versus Jordan Staal in neutral zone.
2:13 of 2nd period - Johnny Gaudreau is hit by David Booth and loses puck.
2:24 of 2nd period - Dion Phaneuf is hit by Jamie McBain and loses puck.
2:37 of 2nd period - Snap shot by Nick Bonino.
2:37 of 2nd period - Shot Blocked by Gilbert Brule.
2:41 of 2nd period - Snap shot by Antoine Roussel.
2:41 of 2nd period - Shot Blocked by Gilbert Brule.
2:43 of 2nd period - Slapshot by Raphael Diaz.
2:43 of 2nd period - Stopped by Philipp Grubauer with a rebound.
2:45 of 2nd period - Snap shot by Nick Bonino.
2:45 of 2nd period - Stopped by Philipp Grubauer without a rebound.
2:46 of 2nd period - Jordan Staal wins face-off versus Gilbert Brule in Sharks zone.
2:47 of 2nd period - Snap shot by Johnny Gaudreau.
2:47 of 2nd period - Shot Blocked by Tyler Cuma.
2:49 of 2nd period - Slapshot by Raphael Diaz.
2:49 of 2nd period - Shot Misses the Net.
2:51 of 2nd period - Wrist shot by Jordan Staal.
2:51 of 2nd period - Stopped by Philipp Grubauer with a rebound.
3:13 of 2nd period - Tyler Cuma is hit by Blake Wheeler and loses puck.
3:56 of 2nd period - Off-side.
3:57 of 2nd period - Jordan Staal wins face-off versus Luke Adam in neutral zone.
4:22 of 2nd period - Milan Michalek is hit by Raphael Diaz and loses puck.
4:41 of 2nd period - Slapshot by Calvin de Haan.
4:41 of 2nd period - Stopped by Philipp Grubauer without a rebound.
4:42 of 2nd period - Gilbert Brule wins face-off versus Johnny Gaudreau in Sharks zone.
4:51 of 2nd period - Johnny Gaudreau is hit by Gilbert Brule and loses puck.
5:08 of 2nd period - David Booth is hit by Corey Perry and loses puck.
5:33 of 2nd period - Slapshot by Alexander Frolov.
5:33 of 2nd period - Stopped by Philipp Grubauer with a rebound.
5:35 of 2nd period - Snap shot by Radko Gudas.
5:35 of 2nd period - Shot Misses the Net.
5:37 of 2nd period - Slapshot by Jamie McBain.
5:37 of 2nd period - Deflect By Alexander Frolov.
5:37 of 2nd period - Shot Blocked by Tyler Cuma.
5:37 of 2nd period - Puck is out of play.
5:38 of 2nd period - Brandon Dubinsky wins face-off versus Jordan Staal in Sharks zone.
5:43 of 2nd period - Slapshot by Ben Lovejoy.
5:43 of 2nd period - Deflect By Brandon Dubinsky.
5:43 of 2nd period - Stopped by Tuukka Rask without a rebound.
5:44 of 2nd period - Brandon Dubinsky wins face-off versus Jordan Staal in Blackhawks zone.
5:47 of 2nd period - Wrist shot by David Booth.
5:47 of 2nd period - Goal by David Booth - Blackhawks : 0 - Sharks : 2.
5:48 of 2nd period - Jordan Staal wins face-off versus Brandon Dubinsky in neutral zone.
5:58 of 2nd period - Snap shot by Jakob Silfverberg.
5:58 of 2nd period - Shot Misses the Net.
6:00 of 2nd period - Snap shot by Jakob Silfverberg.
6:00 of 2nd period - Shot Misses the Net.
6:20 of 2nd period - Slapshot by Dion Phaneuf.
6:20 of 2nd period - Shot Blocked by Radko Gudas.
6:22 of 2nd period - Snap shot by Dion Phaneuf.
6:22 of 2nd period - Shot Misses the Net.
6:24 of 2nd period - Snap shot by Dion Phaneuf.
6:24 of 2nd period - Deflect By Gilbert Brule.
6:24 of 2nd period - Shot Misses the Net.
6:24 of 2nd period - Puck is out of play.
6:25 of 2nd period - Gilbert Brule wins face-off versus Jordan Staal in Blackhawks zone.
6:28 of 2nd period - Slapshot by Gilbert Brule.
6:28 of 2nd period - Stopped by Tuukka Rask without a rebound.
6:29 of 2nd period - Gilbert Brule wins face-off versus Jordan Staal in Blackhawks zone.
7:20 of 2nd period - Slapshot by Shane O'Brien.
7:20 of 2nd period - Deflect By Alexander Frolov.
7:20 of 2nd period - Stopped by Philipp Grubauer with a rebound.
7:48 of 2nd period - Slapshot by Johnny Gaudreau.
7:48 of 2nd period - Stopped by Philipp Grubauer with a rebound.
7:50 of 2nd period - Slapshot by Shane O'Brien.
7:50 of 2nd period - Shot Blocked by Bobby Butler.
8:50 of 2nd period - Wrist shot by Oskar Osala.
8:50 of 2nd period - Deflect By Luke Adam.
8:50 of 2nd period - Stopped by Tuukka Rask with a rebound.
8:52 of 2nd period - Slapshot by Karl Alzner.
8:52 of 2nd period - Deflect By Luke Adam.
8:52 of 2nd period - Goal by Luke Adam - Blackhawks : 0 - Sharks : 3.
8:53 of 2nd period - Nick Bonino wins face-off versus Brandon Dubinsky in neutral zone.
9:29 of 2nd period - Wrist shot by Nick Bonino.
9:29 of 2nd period - Deflect By Boone Jenner.
9:29 of 2nd period - Shot Blocked by Ronalds Kenins.
9:29 of 2nd period - Puck is out of play.
9:30 of 2nd period - Jordan Staal wins face-off versus Boone Jenner in Sharks zone.
10:17 of 2nd period - Milan Michalek is hit by Johnny Gaudreau and loses puck.
12:20 of 2nd period - Slapshot by Jamie McBain.
12:20 of 2nd period - Shot Blocked by Brayden McNabb.
12:47 of 2nd period - Off-side.
12:48 of 2nd period - Blake Wheeler wins face-off versus Gilbert Brule in neutral zone.
13:11 of 2nd period - Wrist shot by Nick Bonino.
13:11 of 2nd period - Shot Blocked by Ben Smith.
13:28 of 2nd period - Off-side.
13:29 of 2nd period - Jordan Staal wins face-off versus Brandon Dubinsky in neutral zone.
13:50 of 2nd period - Minor Penalty to Calvin de Haan for Hooking.
13:51 of 2nd period - Antoine Roussel wins face-off versus Brandon Dubinsky in Blackhawks zone.
14:08 of 2nd period - Snap shot by Antoine Roussel.
14:08 of 2nd period - Stopped by Philipp Grubauer without a rebound.
14:09 of 2nd period - Gilbert Brule wins face-off versus Johnny Gaudreau in Sharks zone.
14:59 of 2nd period - Wrist shot by Ben Smith.
14:59 of 2nd period - Shot Misses the Net.
15:01 of 2nd period - Slapshot by Tyler Cuma.
15:01 of 2nd period - Shot Blocked by Shane O'Brien.
15:03 of 2nd period - Backhand shot by Tyler Cuma.
15:03 of 2nd period - Shot Blocked by Raphael Diaz.
15:05 of 2nd period - Slapshot by Dion Phaneuf.
15:05 of 2nd period - Stopped by Tuukka Rask without a rebound.
15:06 of 2nd period - Brandon Dubinsky wins face-off versus Johnny Gaudreau in Blackhawks zone.
15:07 of 2nd period - Slapshot by Brandon Gormley.
15:07 of 2nd period - Shot Blocked by Radko Gudas.
15:09 of 2nd period - Slapshot by Ben Lovejoy.
15:09 of 2nd period - Goal by Ben Lovejoy - Blackhawks : 0 - Sharks : 4.
15:09 of 2nd period - Josh Harding enters game.
15:10 of 2nd period - Brandon Dubinsky wins face-off versus Jordan Staal in neutral zone.
15:13 of 2nd period - Slapshot by Dion Phaneuf.
15:13 of 2nd period - Shot Misses the Net.
15:23 of 2nd period - Wrist shot by Jakob Silfverberg.
15:23 of 2nd period - Shot Blocked by Dion Phaneuf.
15:25 of 2nd period - Wrist shot by Johnny Gaudreau.
15:25 of 2nd period - Stopped by Philipp Grubauer without a rebound.
15:26 of 2nd period - Gilbert Brule wins face-off versus Nick Bonino in Sharks zone.
16:03 of 2nd period - Wrist shot by Jakob Silfverberg.
16:03 of 2nd period - Shot Misses the Net.
16:05 of 2nd period - Wrist shot by Johnny Gaudreau.
16:05 of 2nd period - Shot Misses the Net.
16:07 of 2nd period - Slapshot by Jakob Silfverberg.
16:07 of 2nd period - Stopped by Philipp Grubauer without a rebound.
16:08 of 2nd period - James Wright wins face-off versus Gilbert Brule in Sharks zone.
16:09 of 2nd period - Wrist shot by Blake Wheeler.
16:09 of 2nd period - Stopped by Philipp Grubauer without a rebound.
16:10 of 2nd period - Gilbert Brule wins face-off versus James Wright in Sharks zone.
16:42 of 2nd period - Slapshot by Tyler Cuma.
16:42 of 2nd period - Shot Misses the Net.
16:46 of 2nd period - Wrist shot by Brandon Dubinsky.
16:46 of 2nd period - Stopped by Josh Harding without a rebound.
16:47 of 2nd period - Jordan Staal wins face-off versus Brandon Dubinsky in Blackhawks zone.
17:08 of 2nd period - Minor Penalty to Johnny Gaudreau for Tripping.
17:09 of 2nd period - Brandon Dubinsky wins face-off versus Brett Maclean in Blackhawks zone.
17:10 of 2nd period - Slapshot by Tyler Cuma.
17:10 of 2nd period - Shot Misses the Net.
17:12 of 2nd period - Slapshot by Tyler Cuma.
17:12 of 2nd period - Shot Blocked by Antoine Roussel.
17:14 of 2nd period - Slapshot by Tyler Cuma.
17:14 of 2nd period - Shot Misses the Net.
17:16 of 2nd period - Wrist shot by David Booth.
17:16 of 2nd period - Shot Misses the Net.
17:18 of 2nd period - Slapshot by Dion Phaneuf.
17:18 of 2nd period - Shot Blocked by Radko Gudas.
17:20 of 2nd period - Wrist shot by Tyler Cuma.
17:20 of 2nd period - Deflect By David Booth.
17:20 of 2nd period - Stopped by Josh Harding with a rebound.
17:22 of 2nd period - Wrist shot by Milan Michalek.
17:22 of 2nd period - Shot Misses the Net.
17:24 of 2nd period - Snap shot by Brandon Dubinsky.
17:24 of 2nd period - Stopped by Josh Harding with a rebound.
17:42 of 2nd period - Wrist shot by Ben Smith.
17:42 of 2nd period - Stopped by Josh Harding with a rebound.
17:56 of 2nd period - Snap shot by James Wright.
17:56 of 2nd period - Stopped by Philipp Grubauer with a rebound.
18:24 of 2nd period - Raphael Diaz is hit by David Booth and loses puck.
19:05 of 2nd period - Alexander Frolov is hit by Brandon Gormley and loses puck.
19:08 of 2nd period - Penalty to Johnny Gaudreau is over, Johnny Gaudreau is back on ice.
19:12 of 2nd period - Slapshot by Radko Gudas.
19:12 of 2nd period - Stopped by Philipp Grubauer without a rebound.
19:13 of 2nd period - Jordan Staal wins face-off versus Boone Jenner in Sharks zone.
19:20 of 2nd period - Slapshot by Jakob Silfverberg.
19:20 of 2nd period - Goal by Jakob Silfverberg - Blackhawks : 1 - Sharks : 4.
19:21 of 2nd period - Jordan Staal wins face-off versus Brandon Dubinsky in neutral zone.
19:38 of 2nd period - Wrist shot by Johnny Gaudreau.
19:38 of 2nd period - Deflect By Jakob Silfverberg.
19:38 of 2nd period - Shot Blocked by Brandon Dubinsky.
19:38 of 2nd period - Puck is out of play.
19:39 of 2nd period - Gilbert Brule wins face-off versus Antoine Roussel in Sharks zone.
19:56 of 2nd period - Snap shot by Ben Smith.
19:56 of 2nd period - Shot Misses the Net.
Goals for this period are 1 for Blackhawks vs 4 for Sharks.
Shots for this period are 17 for Blackhawks vs 12 for Sharks.

3rd period


0:01 of 3rd period - Brandon Dubinsky wins face-off versus Jakob Silfverberg in neutral zone.
0:12 of 3rd period - Wrist shot by David Booth.
0:12 of 3rd period - Stopped by Josh Harding with a rebound.
0:14 of 3rd period - Wrist shot by Brandon Dubinsky.
0:14 of 3rd period - Shot Misses the Net.
0:22 of 3rd period - Milan Michalek is hit by Johnny Gaudreau and loses puck.
1:21 of 3rd period - Backhand shot by Ben Lovejoy.
1:21 of 3rd period - Stopped by Josh Harding without a rebound.
1:22 of 3rd period - Gilbert Brule wins face-off versus Nick Bonino in Blackhawks zone.
2:16 of 3rd period - Slapshot by Brandon Gormley.
2:16 of 3rd period - Stopped by Josh Harding with a rebound.
2:18 of 3rd period - Snap shot by Zach Boychuk.
2:18 of 3rd period - Stopped by Josh Harding with a rebound.
2:20 of 3rd period - Snap shot by Luke Adam.
2:20 of 3rd period - Stopped by Josh Harding without a rebound.
2:21 of 3rd period - Gilbert Brule wins face-off versus James Wright in Blackhawks zone.
2:34 of 3rd period - Gilbert Brule is hit by James Wright and loses puck.
3:10 of 3rd period - Wrist shot by Alexander Frolov.
3:10 of 3rd period - Shot Misses the Net.
3:12 of 3rd period - Slapshot by Matthew Spiller.
3:12 of 3rd period - Deflect By Oskar Osala.
3:12 of 3rd period - Stopped by Philipp Grubauer without a rebound.
3:13 of 3rd period - Brandon Dubinsky wins face-off versus James Wright in Sharks zone.
3:39 of 3rd period - Blake Wheeler is hit by Boone Jenner and loses puck.
4:01 of 3rd period - Off-side.
4:02 of 3rd period - Gilbert Brule wins face-off versus Jordan Staal in neutral zone.
4:15 of 3rd period - Wrist shot by Gilbert Brule.
4:15 of 3rd period - Shot Blocked by Raphael Diaz.
4:26 of 3rd period - Slapshot by Ben Smith.
4:26 of 3rd period - Stopped by Josh Harding with a rebound.
4:28 of 3rd period - Snap shot by Ben Smith.
4:28 of 3rd period - Deflect By Gustav Nyquist.
4:28 of 3rd period - Shot Misses the Net.
4:28 of 3rd period - Puck is out of play.
4:29 of 3rd period - Nick Bonino wins face-off versus Brandon Dubinsky in Blackhawks zone.
4:29 of 3rd period - Nick Bonino is hit by Ben Lovejoy.
4:55 of 3rd period - Snap shot by Ronalds Kenins.
4:55 of 3rd period - Stopped by Josh Harding without a rebound.
4:56 of 3rd period - Boone Jenner wins face-off versus Johnny Gaudreau in Blackhawks zone.
5:40 of 3rd period - Wrist shot by Ronalds Kenins.
5:40 of 3rd period - Shot Misses the Net.
5:58 of 3rd period - Slapshot by Brett Maclean.
5:58 of 3rd period - Shot Blocked by Ronalds Kenins.
6:00 of 3rd period - Backhand shot by Colby Armstrong.
6:00 of 3rd period - Goal by Colby Armstrong - Blackhawks : 2 - Sharks : 4.
6:01 of 3rd period - Brandon Dubinsky wins face-off versus Corey Perry in neutral zone.
6:06 of 3rd period - Slapshot by Ben Lovejoy.
6:06 of 3rd period - Deflect By Corey Perry.
6:06 of 3rd period - Stopped by Josh Harding with a rebound.
6:08 of 3rd period - Wrist shot by David Booth.
6:08 of 3rd period - Stopped by Josh Harding without a rebound.
6:09 of 3rd period - Nick Bonino wins face-off versus Brandon Dubinsky in Blackhawks zone.
6:09 of 3rd period - Nick Bonino is hit by Milan Michalek.
6:41 of 3rd period - Snap shot by Milan Michalek.
6:41 of 3rd period - Stopped by Josh Harding without a rebound.
6:42 of 3rd period - Ben Smith wins face-off versus Jordan Staal in Blackhawks zone.
6:43 of 3rd period - Wrist shot by Gustav Nyquist.
6:43 of 3rd period - Stopped by Josh Harding with a rebound.
6:55 of 3rd period - Jordan Staal is hit by Gilbert Brule and loses puck.
7:08 of 3rd period - Oskar Osala is hit by Alexander Frolov and loses puck.
7:15 of 3rd period - Backhand shot by Calvin de Haan.
7:15 of 3rd period - Shot Misses the Net.
7:21 of 3rd period - Slapshot by Calvin de Haan.
7:21 of 3rd period - Stopped by Philipp Grubauer without a rebound.
7:22 of 3rd period - Nick Bonino wins face-off versus Brandon Dubinsky in Sharks zone.
7:27 of 3rd period - Snap shot by Antoine Roussel.
7:27 of 3rd period - Shot Misses the Net.
7:39 of 3rd period - Wrist shot by Corey Perry.
7:39 of 3rd period - Shot Blocked by Dion Phaneuf.
7:45 of 3rd period - Minor Penalty to Brandon Dubinsky for Hooking.
7:46 of 3rd period - David Booth wins face-off versus Jordan Staal in Sharks zone.
8:14 of 3rd period - Off-side.
8:15 of 3rd period - Ben Smith wins face-off versus Nick Bonino in neutral zone.
9:01 of 3rd period - Icing by Jordan Staal.
9:02 of 3rd period - Jordan Staal wins face-off versus Ben Smith in Blackhawks zone.
9:06 of 3rd period - Off-side.
9:07 of 3rd period - Nick Bonino wins face-off versus Ben Smith in neutral zone.
9:14 of 3rd period - Slapshot by Jamie McBain.
9:14 of 3rd period - Shot Misses the Net.
9:34 of 3rd period - Wrist shot by Johnny Gaudreau.
9:34 of 3rd period - Stopped by Philipp Grubauer with a rebound.
9:36 of 3rd period - Slapshot by Shane O'Brien.
9:36 of 3rd period - Shot Misses the Net.
9:38 of 3rd period - Slapshot by Raphael Diaz.
9:38 of 3rd period - Deflect By Jakob Silfverberg.
9:38 of 3rd period - Stopped by Philipp Grubauer with a rebound.
9:40 of 3rd period - Snap shot by Jakob Silfverberg.
9:40 of 3rd period - Deflect By Johnny Gaudreau.
9:40 of 3rd period - Shot Blocked by Tyler Cuma.
9:40 of 3rd period - Puck is out of play.
9:41 of 3rd period - Ben Smith wins face-off versus Jordan Staal in Sharks zone.
9:45 of 3rd period - Penalty to Brandon Dubinsky is over, Brandon Dubinsky is back on ice.
9:59 of 3rd period - Snap shot by Ben Smith.
9:59 of 3rd period - Stopped by Josh Harding without a rebound.
10:00 of 3rd period - Boone Jenner wins face-off versus Nick Bonino in Blackhawks zone.
10:03 of 3rd period - Wrist shot by Boone Jenner.
10:03 of 3rd period - Deflect By Ronalds Kenins.
10:03 of 3rd period - Shot Blocked by Shane O'Brien.
10:03 of 3rd period - Puck is out of play.
10:04 of 3rd period - Boone Jenner wins face-off versus Nick Bonino in Blackhawks zone.
10:58 of 3rd period - Ben Lovejoy is hit by Blake Wheeler and loses puck.
12:18 of 3rd period - Snap shot by Nick Bonino.
12:18 of 3rd period - Shot Blocked by Gilbert Brule.
12:44 of 3rd period - Brett Maclean is hit by Luke Adam.
13:02 of 3rd period - Wrist shot by Bobby Butler.
13:02 of 3rd period - Shot Misses the Net.
13:04 of 3rd period - Slapshot by Boone Jenner.
13:04 of 3rd period - Goal by Boone Jenner - Blackhawks : 2 - Sharks : 5.
13:05 of 3rd period - Brandon Dubinsky wins face-off versus Jordan Staal in neutral zone.
13:49 of 3rd period - Raphael Diaz is hit by Ben Smith and loses puck.
14:02 of 3rd period - Wrist shot by Antoine Roussel.
14:02 of 3rd period - Stopped by Philipp Grubauer without a rebound.
14:03 of 3rd period - David Booth wins face-off versus Jordan Staal in Sharks zone.
14:35 of 3rd period - Wrist shot by Alexander Frolov.
14:35 of 3rd period - Shot Misses the Net.
15:30 of 3rd period - Dion Phaneuf is hit by Jakob Silfverberg and loses puck.
15:31 of 3rd period - Dion Phaneuf from Sharks is injured at 15:31 of 3rd period (Groin).
15:32 of 3rd period - Jordan Staal wins face-off versus Brandon Dubinsky in Sharks zone.
15:41 of 3rd period - Wrist shot by Jakob Silfverberg.
15:41 of 3rd period - Stopped by Philipp Grubauer without a rebound.
15:42 of 3rd period - Brandon Dubinsky wins face-off versus Jordan Staal in Sharks zone.
16:51 of 3rd period - Snap shot by Brandon Dubinsky.
16:51 of 3rd period - Shot Misses the Net.
16:53 of 3rd period - Slapshot by Ben Lovejoy.
16:53 of 3rd period - Stopped by Josh Harding with a rebound.
16:55 of 3rd period - Slapshot by Ben Lovejoy.
16:55 of 3rd period - Stopped by Josh Harding without a rebound.
16:56 of 3rd period - Gilbert Brule wins face-off versus Antoine Roussel in Blackhawks zone.
17:03 of 3rd period - Corey Perry is hit by Ben Smith and loses puck.
17:22 of 3rd period - Raphael Diaz is hit by Bobby Butler.
17:26 of 3rd period - Snap shot by James Wright.
17:26 of 3rd period - Deflect By Blake Wheeler.
17:26 of 3rd period - Stopped by Philipp Grubauer with a rebound.
17:28 of 3rd period - Slapshot by Calvin de Haan.
17:28 of 3rd period - Deflect By Alexander Frolov.
17:28 of 3rd period - Stopped by Philipp Grubauer with a rebound.
17:30 of 3rd period - Snap shot by Calvin de Haan.
17:30 of 3rd period - Stopped by Philipp Grubauer with a rebound.
17:32 of 3rd period - Backhand shot by Matthew Spiller.
17:32 of 3rd period - Stopped by Philipp Grubauer without a rebound.
17:33 of 3rd period - Nick Bonino wins face-off versus Gilbert Brule in Sharks zone.
17:42 of 3rd period - Nick Bonino is hit by Ben Smith and loses puck.
18:17 of 3rd period - Snap shot by Gilbert Brule.
18:17 of 3rd period - Shot Hit the Post.
18:19 of 3rd period - Snap shot by Ben Lovejoy.
18:19 of 3rd period - Stopped by Josh Harding with a rebound.
18:21 of 3rd period - Snap shot by Gustav Nyquist.
18:21 of 3rd period - Goal by Gustav Nyquist - Blackhawks : 2 - Sharks : 6.
18:22 of 3rd period - Jordan Staal wins face-off versus Brandon Dubinsky in neutral zone.
18:35 of 3rd period - Slapshot by Jordan Staal.
18:35 of 3rd period - Stopped by Philipp Grubauer with a rebound.
18:49 of 3rd period - Zach Boychuk is hit by Corey Perry and loses puck.
19:08 of 3rd period - Wrist shot by Gustav Nyquist.
19:08 of 3rd period - Shot Misses the Net.
19:16 of 3rd period - Snap shot by Gilbert Brule.
19:16 of 3rd period - Stopped by Josh Harding with a rebound.
19:18 of 3rd period - Slapshot by Gilbert Brule.
19:18 of 3rd period - Stopped by Josh Harding with a rebound.
Goals for this period are 1 for Blackhawks vs 2 for Sharks.
Shots for this period are 12 for Blackhawks vs 19 for Sharks.